 Dungeon Crawl Stone Soup version 0.17.1-2-g5865329 (webtiles) character file.

37 Badjas the Insei (level 3, -4/20 HPs)
             Began as a Vine Stalker Monk on Jan 30, 2016.
             Slain by Sigmund
             ... wielding a +0 scythe
              (8 damage)
             ... on level 2 of the Dungeon.
             The game lasted 00:08:37 (1068 turns).

Badjas the Insei (Vine Stalker Monk)                Turns: 1068, Time: 00:08:37

Health: -4/20      AC:  2    Str: 13    XL:     3   Next: 39%
Magic:  0/4        EV: 13    Int: 11    God:
Gold:   53         SH:  0    Dex: 16    Spells: 0 memorised, 2 levels left

rFire  . . .     SeeInvis .       - Unarmed
rCold  + . .     Clarity  .     a - +0 robe
rNeg   . . .     SustAt   .     (no shield)
rPois  .         Gourm    .     (no helmet)
rElec  .         Spirit   +     (no cloak)
rCorr  .         Warding  .     (no gloves)
rMut   .         Stasis   .     (no boots)
MR     .....                    n - amulet of guardian spirit
Stlth  ++........               (no ring)
                                g - ring of protection from cold

@: slowed, very slow, not resistant to hostile enchantments, unstealthy
A: fangs 2, regeneration 1, magic shield, antimagic bite, no device heal 3, rot
immunity
a: no special abilities


You were on level 2 of the Dungeon.
You were hungry.

You visited 1 branch of the dungeon, and saw 2 of its levels.

You collected 53 gold pieces.

Inventory:

Armour
 a - a +0 robe (worn)
Jewellery
 g - a ring of protection from cold (left hand)
 n - an amulet of guardian spirit (around neck)
Scrolls
 f - 4 scrolls of identify
Potions
 l - a potion of curing
Comestibles
 b - 2 bread rations
 c - a royal jelly
 d - 3 meat rations
 j - a beef jerky


   Skills:
 + Level 3.0 Fighting
 + Level 2.7 Dodging
 - Level 2.8 Stealth
 - Level 4.4 Unarmed Combat


You had 2 spell levels left.
You didn't know any spells.

Dungeon Overview and Level Annotations

Branches:
Dungeon (2/15)

Altars:
Kikubaaqudgha
Sif Muna

Annotations:
D:2 exclusion: gnoll, Sigmund


Innate Abilities, Weirdness & Mutations

You have extremely sharp teeth.
Your natural rate of healing is unusually fast.
When hurt, damage is shared between your health and your magic reserves.
Your bite disrupts and absorbs the magic of your enemies.
Potions and wands cannot restore your health.
You are immune to rotting.


Message History

Sigmund is heavily wounded.
Sigmund barely misses you.
You barely miss Sigmund. You bite Sigmund.
Sigmund's magic leaks into the air.
You drain his magic.
Sigmund is severely wounded.
Sigmund falters for a moment.
You hit Sigmund. Your bite misses Sigmund.
Sigmund is severely wounded.
You feel a little less agile now. Sigmund hits you but does no damage.
You hit Sigmund but do no damage.
Sigmund is severely wounded.
Sigmund mumbles some strange words.
Sigmund flickers and vanishes!
Deactivating autopickup; reactivate with Ctrl-A.
You closely miss something. You bite something. Something hits you!
Ouch! That really hurt!
* * * LOW HITPOINT WARNING * * *
You hit something. Your bite misses something. Something hits you!
You die...

#.# #.# #.# #.#
#.###### #.#
#......# #.#
######.# #.#
#### #.# #.#
...# #.# #.#
##.# #.# ######
#.# .#.# #.#
#.@{.# #.# .#.#
#.# #!##.# #.#
...# #.# #.##.#
#@# .### #.#
#.##.# #.# .#
#.####(##.# #.#
.# #.......#@#
#.# .#
######..#(# #.#
.# #..#.# #.#
.#
#..#.########.#


There were no monsters in sight!

Vanquished Creatures
  An adder (D:2)
  An ooze (D:2)
  A giant gecko (D:2)
  2 goblins (D:1)
  4 hobgoblins
  3 kobolds
  2 quokkas (D:2)
  5 bats
  A giant newt (D:1)
  5 rats
25 creatures vanquished.

Vanquished Creatures (others)
  A human (D:2)
1 creature vanquished.

Grand Total: 26 creatures vanquished

Notes
Turn   | Place    | Note
--------------------------------------------------------------
     0 | D:1      | Badjas the Vine Stalker Monk began the quest for the Orb.
     0 | D:1      | Reached XP level 1. HP: 11/11 MP: 2/2
   119 | D:1      | Reached XP level 2. HP: 13/16 MP: 3/3
   505 | D:2      | Found an ancient bone altar of Kikubaaqudgha.
   507 | D:2      | Noticed a human
   508 | D:2      | Killed a human
   542 | D:2      | Found a deep blue altar of Sif Muna.
   568 | D:2      | Reached XP level 3. HP: 19/19 MP: 4/4
   976 | D:2      | Noticed Sigmund
  1068 | D:2      | Slain by Sigmund

Action                   || total
-------------------------++-------
Melee: Unarmed           ||    86
  Use: Scroll            ||     5
       Potion            ||     4
 Stab: Sleeping          ||     4
